 Dungeon Crawl Stone Soup version 0.30-a0-161-gdd60e06945 (webtiles) character file.

Game seed: 12912708091465720046

200 qw the Chopper (level 5, -3/32 HPs)
             Began as a Gargoyle Fighter on Sept 27, 2022.
             Slain by a gnoll
             ... wielding a +0 spear
             ... led by a gnoll bouda
              (4 damage)
             ... on level 3 of the Dungeon.
             The game lasted 00:00:37 (2091 turns).

qw the Chopper (Gargoyle Fighter)                   Turns: 2091, Time: 00:00:38

Health: -3/32      AC: 12    Str: 21    XL:     5   Next: 78%
Magic:  5/5        EV:  9    Int:  9    God:
Gold:   85         SH:  4    Dex:  9    Spells: 4/4 levels left

rFire   . . .      SeeInvis .    Y - +0 war axe
rCold   . . .      Faith    .    c - +0 buckler
rNeg    + . .      Spirit   .    b - +0 scale mail
rPois   inf        Reflect  .    (no helmet)
rElec   +          Harm     .    (no cloak)
rCorr   .          Rampage  .    i - +0 pair of gloves
Will    .....                    (no boots)
Stlth   ..........               (no amulet)
HPRegen 0.10/turn                (no ring)
MPRegen 0.09/turn                (no ring)

@: about to teleport
A: sickness immunity, AC +4, negative energy resistance 1, electricity
resistance, torment resistance 1, petrification resistance
a: no special abilities


You were on level 3 of the Dungeon.
You visited 1 branch of the dungeon, and saw 3 of its levels.

You collected 85 gold pieces.


Innate Abilities, Weirdness & Mutations

You are immune to sickness and miasma.
Your stone body is resilient. (AC +4)
You are immune to poison.
You resist negative energy. (rN+)
You are resistant to electric shocks. (rElec)
You are resistant to unholy torment.
You are immune to petrification.


   Skills:
 + Level 3.4 Fighting
 - Level 5.0 Axes
 - Level 1.2 Throwing
 - Level 3.2 Armour
 - Level 3.2 Shields


You had 4 spell levels left.
You didn't know any spells.
Your spell library was empty.

Inventory:

Hand Weapons
 h - a +0 whip of freezing
 Y - a +0 war axe (weapon)
Missiles
 g - 5 silver boomerangs (quivered)
Armour
 b - a +0 scale mail (worn)
 c - a +0 buckler (worn)
 i - a +0 pair of gloves (worn)
Scrolls
 f - a scroll of noise {unknown}
Potions
 d - 2 potions of might
 e - a potion of attraction {unknown}
 j - a potion of haste {unknown}
 k - a potion of mutation {unknown}
 l - a potion of curing {unknown}
 m - a potion of lignification {unknown}
 o - a potion of brilliance {unknown}

Dungeon Overview and Level Annotations

Branches:
Dungeon (3/15)

Altars:
Zin


Message History

You block the gnoll's attack.
You barely miss the gnoll.
The gnoll is lightly wounded.
Your attacks no longer feel as feeble.
The gnoll hits you from afar with a +0 spear.
The gnoll barely misses you.
You slash the gnoll!
The gnoll is almost dead.
The gnoll hits you but does no damage. The gnoll barely misses you. x2
You barely miss the gnoll.
The gnoll is almost dead.
You block the gnoll's attack. The gnoll hits you but does no damage.
You slash the gnoll!
You kill the gnoll!
You hear some strange, mumbled words.
Something tries to affect you, but you resist.
The gnoll hits you but does no damage.
You closely miss the orc.
The orc is moderately wounded.
The gnoll is no longer moving quickly.
The gnoll barely misses you. x2
You hit something but do no damage. The gnoll hits you but does no damage.
The gnoll hits you from afar with a +0 spear.
Something hits you but does no damage.
The gnoll hits you from afar with a +0 spear.
You block the gnoll's attack.
You barely miss something. Something hits you but does no damage.
The gnoll hits you from afar with a +0 spear.
The gnoll hits you but does no damage.
2090 ||| READING scroll of teleportation.
As you read the scroll of teleportation, it crumbles to dust.
You feel strangely unstable. Something hits you but does no damage.
The gnoll hits you from afar with a +0 spear.
The gnoll hits you but does no damage.
You miss something. You block something's attack.
The gnoll hits you from afar with a +0 spear.
You die...

....###.#####
#.........#
#####.###.#
#.###.######.
#............
#####.######.
#.# #.# #@# #{#
#ooo..gog...g..
#.#####g...g###
#####g# #


You could see 3 gnolls and an orc.

Vanquished Creatures
  A jelly (D:3)
  An orc priest (D:3)
  A gnoll bouda (D:3)
  Terence (D:2)
  An orc wizard (D:3)
  An adder (D:3)
  A gnoll (D:3)
  A dart slug (D:1)
  4 orcs (D:3)
  4 endoplasms
  3 giant cockroaches (D:1)
  2 goblins (D:1)
  3 hobgoblins (D:1)
  A quokka (D:1)
  4 ball pythons
  3 bats
  6 frilled lizards
  4 kobolds
  A rat (D:1)
43 creatures vanquished.

Notes
Turn   | Place    | Note
-------+----------+-------------------------------------------
     0 | D:1      | qw the Gargoyle Fighter began the quest for the Orb.
     0 | D:1      | Reached XP level 1. HP: 14/14 MP: 1/1
     0 | D:1      | 0 ||| qw: Version: 0.2-a-10-g37ed214
     0 | D:1      | 0 ||| qw: Game counter: 677
     0 | D:1      | 0 ||| qw: Always use a shield: true
     0 | D:1      | 0 ||| qw: God list: Okawaru
     0 | D:1      | 0 ||| qw: Allow faded altars: false
     0 | D:1      | 0 ||| qw: Do Orc after D:15 true
     0 | D:1      | 0 ||| qw: Do second Lair branch before Depths: true
     0 | D:1      | 0 ||| qw: Lair rune preference: random
     0 | D:1      | 0 ||| qw: Plans: Normal, Zot:1-4, God:TSO, Crypt, Tomb,
                  | Pan, Slime:5, Hells, Abyss, Orb
     0 | D:1      | 0 ||| PLANNING D:1-11
   166 | D:1      | Reached skill level 2 in Axes
   181 | D:1      | 181 ||| Stepping ~*~*~tactically~*~*~ (stealth).
   182 | D:1      | 182 ||| Stepping ~*~*~tactically~*~*~ (stealth).
   207 | D:1      | Reached XP level 2. HP: 17/19 MP: 2/2
   262 | D:1      | 262 ||| Stepping ~*~*~tactically~*~*~ (stealth).
   263 | D:1      | 263 ||| Stepping ~*~*~tactically~*~*~ (stealth).
   422 | D:1      | Reached skill level 3 in Axes
   643 | D:1      | Reached XP level 3. HP: 23/23 MP: 3/3
   696 | D:1      | 696 ||| Stepping ~*~*~tactically~*~*~ (stealth).
   701 | D:1      | 701 ||| Stepping ~*~*~tactically~*~*~ (stealth).
   703 | D:1      | 703 ||| Stepping ~*~*~tactically~*~*~ (stealth).
   860 | D:1      | Found a faded altar of an unknown god.
   933 | D:1      | 933 ||| UPGRADING to +0 pair of gloves.
   938 | D:1      | 938 ||| READING scroll labelled GAREUB ZELUY.
   941 | D:1      | 941 ||| READING scroll labelled FICEAPN EQIOF.
   942 | D:1      | 942 ||| READING scroll labelled PYENNOEGHU.
   943 | D:1      | 943 ||| READING scroll labelled SYOCZO KAFO.
   944 | D:1      | 944 ||| READING scroll labelled JYUNYRCH KYELO.
   945 | D:1      | 945 ||| READING scroll labelled SOVOOWKE DEMYZE.
   981 | D:2      | Noticed Terence
   989 | D:2      | Killed Terence
  1298 | D:2      | Found a glowing silver altar of Zin.
  1473 | D:2      | Reached XP level 4. HP: 28/28 MP: 4/4
  1600 | D:2      | 1600 ||| READING scroll labelled QIEXYO RAECW.
  1623 | D:3      | 1623 ||| Stepping ~*~*~tactically~*~*~ (hiding).
  1624 | D:3      | 1624 ||| Stepping ~*~*~tactically~*~*~ (hiding).
  1632 | D:3      | Reached skill level 4 in Axes
  1638 | D:3      | Reached XP level 5. HP: 9/32 MP: 5/5
  1806 | D:3      | 1806 ||| FLEEEEING.
  1807 | D:3      | 1807 ||| FLEEEEING.
  1808 | D:3      | 1808 ||| FLEEEEING.
  1814 | D:3      | 1814 ||| STAIRDANCE
  1956 | D:3      | 1956 ||| DROPPING +0 whip.
  1979 | D:3      | Reached skill level 5 in Axes
  2065 | D:3      | 2065 ||| Stepping ~*~*~tactically~*~*~ (hiding).
  2081 | D:3      | Reached skill level 1 in Throwing
  2089 | D:3      | HP: 4/32 [gnoll/+0 spear[a gnoll bouda] (5)]
  2090 | D:3      | 2090 ||| READING scroll of teleportation.
  2090 | D:3      | HP: 1/32 [gnoll/+0 spear[a gnoll bouda] (3)]
  2091 | D:3      | Slain by a gnoll

Levels and vault maps discovered:
D:1:      elethiomel_arrival_maze, layout_rooms, serial_rivers,
          chequers_serial_rivers_room_a, chequers_serial_rivers_large_a,
          chequers_serial_rivers_micro_b, chequers_serial_rivers_micro_c,
          chequers_serial_rivers_micro_d, chequers_serial_rivers_micro_e,
          shapermc_ecumenical_altar_mp_vishouse
D:2:      layout_loops_ring, basic_altar, uniq_terence
D:3:      layout_loops_ring

Skill      XL: |  1  2  3  4  5 |
---------------+----------------+-----
Axes           | 2 3 4 5 |  5.0
Throwing       | 1 |  1.2
Fighting       | |  3.4
Armour         | |  3.2
Shields        | |  3.2

Action                   |  1- 3 |  4- 6 || total
-------------------------+-------+-------++-------
Melee: War axe           |    58 |    42 ||   100
Throw: Boomerang         |    36 |     5 ||    41
  Use: Scroll            |     6 |     2 ||     8
Armor: Scale mail        |    23 |    31 ||    54
Dodge: Dodged            |    24 |    34 ||    58
Block: Buckler           |    13 |     9 ||    22

Table legend:
 A = Non-vault XP
 B = Vault XP
 C = Vault XP percentage of total XP
 D = Non-vault monster count
 E = Vault monster count
 F = Vault count percentage of total count
                 A         B        C        D         E       F
            +---------+---------+-------+---------+---------+-------
      Total |     250 |      36 |  12.6 |      42 |       1 |   2.3
            +---------+---------+-------+---------+---------+-------
        D:1 |      37 |       0 |   0.0 |      22 |       0 |   0.0
        D:2 |      10 |      36 |  78.3 |       6 |       1 |  14.3
        D:3 |     203 |       0 |   0.0 |      14 |       0 |   0.0
            +---------+---------+-------+---------+---------+-------
